 Dungeon Crawl Stone Soup version 0.30-a0-883-g5ad918d77d (webtiles) character file.

Game seed: 1764530797001979425

385 Newt the Skirmisher (level 7, 0/44 HPs)
             Began as a Kobold Hunter on Mar 17, 2023.
             Killed from afar by an orc wizard (7 damage)
             ... with a magic dart
             ... on level 4 of the Dungeon.
             The game lasted 00:02:45 (3927 turns).

Newt the Skirmisher (Kobold Hunter)                 Turns: 3927, Time: 00:02:46

Health: 0/44       AC:  8    Str:  9    XL:     7   Next: 6%
Magic:  7/7        EV: 14    Int: 10    God:
Gold:   72         SH:  0    Dex: 20    Spells: 6/6 levels left

rFire   . . .      SeeInvis .    a - +1 shortbow
rCold   . . .      Faith    .    (shield currently unavailable)
rNeg    . . .      Spirit   .    c - +0 leather armour
rPois   .          Reflect  .    g - +2 helmet
rElec   .          Rampage  .    (no cloak)
rCorr   .                        (no gloves)
Will    .....                    h - +1 pair of boots
Stlth   +++                      (no amulet)
HPRegen 0.27/turn                (no ring)
MPRegen 0.10/turn                (no ring)

@: no status effects
A: small, no large weapons, nightstalker 3
a: no special abilities


You were on level 4 of the Dungeon.
You visited 1 branch of the dungeon, and saw 4 of its levels.
You also visited: Sewer.

You collected 72 gold pieces.

Inventory:

Hand Weapons
 a - a +1 shortbow (weapon)
Armour
 c - a +0 leather armour (worn)
 g - a +2 helmet (worn)
 h - a +1 pair of boots (worn)
Jewellery
 f - a ring of fire
Scrolls
 b - a scroll of immolation
 j - a scroll of fear
 l - a scroll of poison
 o - a scroll of enchant armour
 p - a scroll of enchant weapon
Potions
 e - a potion of magic {unknown}
 i - a potion of might {unknown}
 k - a potion of lignification {unknown}
 m - a potion of resistance {unknown}
 n - a potion of attraction {unknown}
 q - a potion of brilliance {unknown}
 r - a potion of haste {unknown}


   Skills:
 - Level 5.0 Fighting
 + Level 8.8 Ranged Weapons
 - Level 2.4 Dodging
 - Level 1.3 Stealth


You had 6 spell levels left.
You didn't know any spells.
Your spell library contained the following spells:

 Spells                   Type           Power      Damage    Failure   Level
 Kiss of Death            Conj/Necr      0%         2d5       47%         1
 Confusing Touch          Hex            0%         N/A       85%         3
 Dispel Undead            Necr           0%         3d6       99%         4


Dungeon Overview and Level Annotations

Branches:
Dungeon (4/15)              Sewer (visited)
 Temple: D:4-7

Altars:
Dithmenos
Fedhas
Gozag
Makhleb
Uskayaw
Vehumet


Innate Abilities, Weirdness & Mutations

You are small and have problems with some larger weapons.
You are completely attuned to the shadows.


Message History

A magic dart appears from out of thin air!
The magic dart hits you.
* * * LOW HITPOINT WARNING * * *
There is an open door here.
You hear some strange, mumbled words.
A puff of flame appears from out of thin air!
The puff of flame hits you.
* * * LOW HITPOINT WARNING * * *
Something hits you.
* * * LOW HITPOINT WARNING * * *
Unknown command.
Something closely misses you.
You feel better.
You hear some strange, mumbled words. x2
Something tries to affect you, but you resist.
Unknown command.
You shoot an arrow.
You hear some strange, mumbled words.
A magic dart appears from out of thin air!
The magic dart hits you.
* * * LOW HITPOINT WARNING * * *
You feel better.
Something hits you but does no damage. x2
You shoot an arrow. Something hits you. Something hits you but does no damage.
You shoot an arrow. Something barely misses you.
You hear some strange, mumbled words.
A magic dart appears from out of thin air!
The magic dart hits you!
* * * LOW HITPOINT WARNING * * *
You can't see any enemies this would affect, really read the scroll of fear?
Okay, then.
You shoot an arrow.
Reactivating autopickup.
You feel a bit more experienced. Something hits you but does no damage.
Deactivating autopickup; reactivate with Ctrl-A.
You have reached level 7!
You shoot an arrow.
You hear some strange, mumbled words.
A magic dart appears from out of thin air!
The magic dart hits you!
You die...

...#............#.........?.#
...#............#...........#
...#............#...........#
...#............#...........#
##'#########...##...........#****
...........#...#.....######.,,,,,
...........#...')....# *,,,,,,
...........'...#{....# *,,,,,,
...........#...#@)...# *,,,,,,
...........#...#.....# ***,,,,,,
,,,,.......#....###### **,,,,,,,,
,,,,,......####.* *,,**,**,,
,*+***,,,,,,,,..* *,**,,,**,
,*,,,*,,,,,,,,,,* *,*,***,*,
,*,,,*,,,,,,,,,,* *,*,,,,,*,
,*,,,*,,,,,,,,,,* *,*,***,*,
,*****,,,,,,,,,,****** *,**,,,**,


There were no monsters in sight!

Vanquished Creatures
  A water moccasin (Sewer)
  An orc priest (D:4)
  An iguana (D:3)
  2 orc wizards (D:4)
  3 gnolls (D:3)
  8 adders (D:2)
  5 orcs
  5 ball pythons
  9 endoplasms
  4 giant cockroaches
  3 goblins
  5 hobgoblins
  5 jackals
  2 kobolds
  A quokka (D:2)
  3 bats
  4 frilled lizards
  6 rats
68 creatures vanquished.

Notes
Turn   | Place    | Note
-------+----------+-------------------------------------------
     0 | D:1      | Newt the Kobold Hunter began the quest for the Orb.
     0 | D:1      | Reached XP level 1. HP: 12/12 MP: 1/1
   164 | D:1      | Reached XP level 2. HP: 8/18 MP: 2/2
   844 | D:1      | Reached XP level 3. HP: 23/23 MP: 3/3
  1389 | D:2      | Reached XP level 4. HP: 26/30 MP: 4/4
  1595 | D:2      | Reached skill level 5 in Fighting
  1638 | D:2      | Reached XP level 5. HP: 35/35 MP: 5/5
  1928 | D:3      | Reached skill level 6 in Ranged Weapons
  2001 | D:3      | Found a hide-covered altar of Uskayaw.
  2139 | D:3      | Found a shadowy altar of Dithmenos.
  2143 | D:3      | Found a radiant altar of Vehumet.
  2146 | D:3      | Found an opulent altar of Gozag.
  2147 | D:3      | Found a burning altar of Makhleb.
  2152 | D:3      | Found a faded altar of an unknown god.
  3138 | D:4      | Found a blossoming altar of Fedhas.
  3184 | D:4      | Reached skill level 7 in Ranged Weapons
  3190 | D:4      | Found a glowing drain.
  3194 | Sewer    | Entered a sewer
  3222 | Sewer    | Noticed a water moccasin
  3228 | Sewer    | Killed a water moccasin
  3229 | Sewer    | Reached skill level 8 in Ranged Weapons
  3229 | Sewer    | Reached XP level 6. HP: 20/40 MP: 6/6
  3919 | D:4      | HP: 2/40 [something (3)]
  3927 | D:4      | Reached XP level 7. HP: 7/44 MP: 7/7
  3927 | D:4      | Killed from afar by an orc wizard

Illustrated notes

Levels and vault maps discovered:
D:1:      dpeg_arrival_three_same_balls, layout_loops_ring,
          hangedman_decor_clover_reticule, hex_tiny, kennysheep_doodads
D:2:      layout_loops_cross
D:3:      layout_basic, chequers_temple_overflow_minitemple,
          mainiacjoe_overflow_concentric_impassable
D:4:      layout_gridville, old_standard_altar, gup_sewer_entry_bowl,
          minmay_checkerbox

Skill      XL: |  1  2  3  4  5 |
---------------+----------------+-----
Fighting       | 3 4 5 |  5.0
Ranged Weapons | 8 |  8.8
Dodging        | |  2.4
Stealth        | |  1.3

Action                     |  1- 3 |  4- 6 |  7- 9 || total
---------------------------+-------+-------+-------++-------
   Fire: Shortbow          |    65 |   126 |     1 ||   192
    Use: Scroll            |       |     8 |       ||     8
         Potion            |       |     3 |       ||     3
 Armour: Leather armour    |    10 |    32 |       ||    42
  Dodge: Dodged            |    19 |    38 |       ||    57

Table legend: (Time is in decaauts)
 A = Elapsed time spent in this place.
 B = Non-inter-level travel time spent in this place.
 C = Inter-level travel time spent in this place.
 D = Time resting spent in this place.
 E = Time spent auto-exploring this place.
 F = Levels seen in this place.
 G = Mean time per level.
                   A        B        C        D        E       F      G
               +--------+--------+--------+--------+--------+-----+--------+
         Total |   3988 |   3811 |    177 |    783 |   2556 |   5 |  797.6 |
       Dungeon |   3763 |   3586 |    177 |    783 |   2361 |   4 |  940.8 |
         Sewer |    224 |    224 |      0 |      0 |    194 |   1 |  224.0 |
               +--------+--------+--------+--------+--------+-----+--------+

Top non-repeatable levels by time:
     D:3: 1161 daAuts
     D:1: 1143 daAuts
     D:2: 802 daAuts
     D:4: 656 daAuts
   Sewer: 224 daAuts
